AoeStats
← fat_dgk

Fortress

507220150Analyzed
4v4 RM · 16d ago on Sep 17, 2026· 31m 36s· 8 players
Game mode
Random Map
Map size
Huge
Population
200
Speed
Normal
Resources
Standard
Victory
Conquest
Starting age
Dark Age
Ending age
Imperial Age
RankedLock teamsTeams togetherTeam positionsShared explorationLock speedFull tech treeHidden civsTurbo modeCheats
Victory
Defeat
🇨🇳 Wu · China
1307
+12
🇨🇳 Spanish · China
1277
+13
🇨🇳 Muisca · China
1277
+13
🇨🇳 Khmer · China
1201
+17
🇨🇦 Goths · Canada
1258
-15
🇨🇦 Berbers · Canada
1242
-15
🇨🇱 Bohemians · Chile
1233
-14
🇲🇽 Goths · Mexico
1142
-11
fat_dgk
7:11 Feudal Age
11:16 Castle Age
9:33 Double-Bit Axe
9:49 Horse Collar
13:09 Fervor
18:39 Loom
20:46 Wheelbarrow
26:39 Imperial Age
25:25 Chemistry
25:17 Pikeman
25:58 Squires
29:20 Scale Mail Armor
29:30 Forging
31:04 Fortified Wall
Bugzy
7:25 Feudal Age
10:55 Castle Age
10:05 Double-Bit Axe
10:01 Horse Collar
12:01 Bow Saw
17:56 Wheelbarrow
18:53 Gold Mining
19:46 Loom
20:27 Hand Cart
20:42 Fletching
20:52 Padded Archer Armor
21:19 Bodkin Arrow
25:21 Imperial Age
23:52 Bloodlines
23:42 Husbandry
25:50 Ballistics
26:34 Leather Archer Armor
26:20 Bracer
26:39 Leather Archer Armor
27:26 Chemistry
26:51 Conscription
29:36 Scale Barding Armor
30:01 Ring Archer Armor
29:42 Forging
29:29 Cavalier
neto_leo15
0:37 Loom
5:53 Feudal Age
6:50 Horse Collar
10:50 Double-Bit Axe
12:50 Gold Mining
17:12 Castle Age
17:14 Forging
17:04 Scale Mail Armor
18:05 Wheelbarrow
18:37 Squires
19:17 Iron Casting
18:57 Chain Mail Armor
19:07 Heavy Plow
Big Testicles
0:32 Loom
8:38 Feudal Age
9:46 Double-Bit Axe
9:49 Horse Collar
12:58 Castle Age
16:10 Bow Saw
16:13 Heavy Plow
17:46 Wheelbarrow
18:54 Hand Cart
19:45 Gold Mining
23:41 Anarchy
23:45 Fletching
24:27 Anarchy
24:31 Squires
27:15 Imperial Age
25:08 Scale Mail Armor
25:18 Forging
26:12 Chain Mail Armor
29:12 Conscription
29:39 Iron Casting
29:43 Perfusion
29:37 Man-at-Arms
30:06 Long Swordsman
30:10 Elite Huskarl
看谁不爽肘谁
7:34 Feudal Age
8:47 Horse Collar
11:42 Castle Age
9:47 Double-Bit Axe
12:41 Bow Saw
14:09 Wheelbarrow
13:34 Loom
18:40 Hand Cart
19:18 Gold Mining
26:10 Imperial Age
23:11 Champi Runner
23:52 Squires
24:30 Forging
24:22 Scale Mail Armor
25:06 Gold Shaft Mining
24:21 Stone Mining
24:31 Heavy Plow
24:31 Champi Warrior
26:33 Iron Casting
26:48 Chain Mail Armor
26:25 Elite Champi Warrior
27:50 Town Watch
29:15 Two-Man Saw
29:08 Conscription
28:52 Herbalism
29:57 Hoardings
30:01 Plate Mail Armor
Yo win
7:14 Feudal Age
11:39 Castle Age
17:03 Double-Bit Axe
20:45 Padded Archer Armor
24:03 Wheelbarrow
25:26 Bloodlines
25:16 Husbandry
26:17 Gold Mining
26:17 Stone Mining
28:59 Imperial Age
26:44 Scale Barding Armor
26:49 Forging
27:36 Fletching
28:01 Leather Archer Armor
28:22 Bloodlines
28:12 Husbandry
28:31 Leather Archer Armor
28:41 Ballistics
28:40 Hand Cart
28:10 Loom
28:10 Town Watch
30:33 Conscription
29:34 Elite Conquistador
31:17 Ring Archer Armor
妈妈。
7:03 Feudal Age
7:08 Loom
9:59 Castle Age
7:57 Double-Bit Axe
11:15 Horse Collar
13:49 Wheelbarrow
16:40 Bow Saw
19:51 Gold Mining
21:25 Gold Shaft Mining
20:41 Stone Mining
20:48 Stone Mining
21:44 Hand Cart
22:06 Loom
25:57 Imperial Age
23:34 Husbandry
24:06 Scale Barding Armor
24:11 Forging
24:54 Bloodlines
26:14 Chain Barding Armor
28:20 Plate Barding Armor
28:00 Elite Battle Elephant
30:00 Conscription
30:39 Iron Casting
30:29 Tusk Swords
32:41 Blast Furnace
埃米尔.帖木儿.夏天
8:32 Feudal Age
9:48 Double-Bit Axe
13:04 Castle Age
11:31 Horse Collar
12:00 Fletching
13:59 Bow Saw
17:36 Loom
19:27 Bodkin Arrow
19:50 Padded Archer Armor
21:56 Red Cliffs Tactics
25:00 Wheelbarrow
24:31 Gold Mining
26:27 Ballistics
29:01 Imperial Age
27:13 Leather Archer Armor
27:53 Town Watch
29:27 Stone Mining
29:12 Elite Fire Archer
30:13 Conscription
30:06 Bracer
32:57 Two-Man Saw
Connection lost

Rejoining the realm…

Still unreachable

The connection could not be restored.

Session expired

The server has moved on; the page needs a fresh start.